 Dungeon Crawl Stone Soup version 0.31-a0-466-g98c9adc2b6 (webtiles) character file.

Game seed: 17261298064989646563

10345 Midn8 the Skirmisher (level 11, -3/61 HPs)
             Began as a Deep Elf Shapeshifter on Aug 5, 2023.
             Was a High Priest of Hepliaklqana.
             Slain by Urug
             ... wielding a +3 double sword
              (19 damage)
             ... on level 1 of the Lair of Beasts.
             The game lasted 00:30:31 (10276 turns).

Midn8 the Skirmisher (Deep Elf Shapeshifter)       Turns: 10276, Time: 00:30:32

Health: -3/61      AC:  4    Str: 12    XL:     11   Next: 35%
Magic:  13/13      EV: 17    Int: 14    God:    Hepliaklqana [*****.]
Gold:   401        SH:  0    Dex: 19    Spells: 10/10 levels left

rFire   + . .        X - +0 shortbow (drain)
rCold   + . .        (shield currently unavailable)
rNeg    . . .        R - +0 troll leather armour
rPois   .            (helmet currently unavailable)
rElec   .            (cloak currently unavailable)
rCorr   .            (gloves currently unavailable)
SInv    .            (boots currently unavailable)
Will    +....        g - amulet of faith
Stlth   ++           v - ring of protection from cold
HPRegen 1.10/turn    O - ring of protection from fire
MPRegen 0.13/turn

%: faith
@: beast-form
A: beast (slay +4), reduced essence
a: Begin Untransformation, Renounce Religion, Recall Ancestor, Ancestor
Identity, Transference, Idealise


You were on level 1 of the Lair of Beasts.
You worshipped Hepliaklqana.
Hepliaklqana was extremely pleased with you.
You were a hulking beast.
You visited 2 branches of the dungeon, and saw 12 of its levels.

You collected 751 gold pieces.
You spent 350 gold pieces at shops.

Inventory:

Hand Weapons
 a - a +0 sling
 b - a +1 dagger of venom
 s - a +0 orcbow
 u - a +3 scimitar
 y - a +2 dagger of protection
 E - the +3 scimitar "Ifuejublu" {vamp, rF+ rC+ Will- SInv}
   (You found it on level 6 of the Dungeon)

   rF:        It protects you from fire.
   rC:        It protects you from cold.
   SInv:      It lets you see invisible.
   Will:      It decreases your willpower.
 M - a +1 shortbow of freezing
 X - a +0 shortbow of draining (weapon)
Missiles
 q - 3 darts of dispersal
Armour
 f - a +0 pair of boots
 l - a +0 ring mail
 m - a +0 animal skin
 n - a +1 helmet
 z - a +1 cloak
 D - a +2 leather armour of cold resistance
 P - a +1 pair of gloves of dexterity
 R - a +0 troll leather armour (worn)
Jewellery
 g - an amulet of faith (around neck)
 v - a ring of protection from cold (left hand)
 O - a ring of protection from fire (right hand)
 Q - a ring of positive energy
 Y - a ring of willpower
Talismans
 c - a beast talisman (active)
 I - a storm talisman
Wands
 F - a wand of flame (11)
 H - a wand of light (3)
 S - a wand of iceblast (4)
 Z - a wand of digging (2)
Scrolls
 e - 2 scrolls of teleportation
 i - a scroll of amnesia {unknown}
 t - 3 scrolls of vulnerability
 C - a scroll of fog {unknown}
 G - a scroll of silence {unknown}
 J - a scroll of revelation {unknown}
 K - a scroll of fear
 T - a scroll of immolation {unknown}
 V - a scroll of enchant weapon {unknown}
 W - a scroll of blinking {unknown}
Potions
 d - 7 potions of lignification
 h - 4 potions of heal wounds
 j - 3 potions of enlightenment
 k - 4 potions of magic
 o - 2 potions of cancellation
 p - a potion of attraction
 r - 2 potions of curing
 w - a potion of brilliance
 x - 3 potions of invisibility
 A - a potion of haste
 B - a potion of resistance
 L - a potion of might {unknown}
 N - a potion of mutation
 U - a potion of ambrosia {unknown}


   Skills:
 - Level 8.0 Fighting
 - Level 3.1 Short Blades
 - Level 14.0 Ranged Weapons
 - Level 9.0 Dodging
 - Level 3.5 Stealth
 - Level 2.4 Unarmed Combat
 + Level 7.0 Shapeshifting


You had 10 spell levels left.
You didn't know any spells.
Your spell library contained the following spells:

 Spells                   Type           Power      Damage    Failure   Level
 Apportation              Tloc           0%         N/A       36%         1
 Necrotise                Necr           0%         1d4       36%         1
 Summon Small Mammal      Summ           0%         N/A       36%         1
 Ensorcelled Hibernation  Hex/Ice        0%         N/A       50%         2
 Call Canine Familiar     Summ           0%         N/A       73%         3
 Inner Flame              Hex/Fire       0%         N/A       73%         3
 Portal Projectile        Hex/Tloc       0%         N/A       73%         3
 Summon Guardian Golem    Hex/Summ       0%         N/A       73%         3
 Tukima's Dance           Hex            0%         N/A       73%         3
 Vampiric Draining        Necr           0%         2d6       73%         3
 Anguish                  Hex/Necr       0%         N/A       98%         4
 Iskenderun's Mystic Bla  Conj/Tloc      0%         2d3       98%         4
 Leda's Liquefaction      Hex/Erth       0%         N/A       98%         4
 Agony                    Necr           0%         N/A       100%        5
 Alistair's Intoxication  Tmut/Pois      0%         N/A       100%        5
 Summon Forest            Summ/Tloc      0%         N/A       100%        5
 Yara's Violent Unravell  Hex/Tmut       0%         3d3       100%        5
 Eringya's Noxious Bog    Tmut/Pois      0%         4d6       100%        6
 Enfeeble                 Hex            0%         N/A       100%        7
 Orb of Destruction       Conj           0%         9d5       100%        7
 Spellforged Servitor     Conj/Summ      0%         N/A       100%        7
 Summon Hydra             Summ           0%         N/A       100%        7


Dungeon Overview and Level Annotations

Branches:
Dungeon (11/15)            Temple (0/1) D:6            Lair (1/5) D:9
    Orc (0/2) D:10

Altars:
Ashenzari
Cheibriados
Fedhas
Gozag
Hepliaklqana
Nemelex Xobeh
Okawaru
Ru
Wu Jian
Zin
The Shining One

Shops:
D:3 (:*(   D:6 **!

Annotations:
D:8 3 runed translucent doors
Lair:1 Urug


Message History

Urug hits Meatshield with a +3 double sword!
You shoot an arrow. Meatshield avoids your attack.
The arrow hits Urug but does no damage.
You drain Urug.
Urug is moderately wounded.
Urug shouts!
You shoot an arrow. Meatshield avoids your attack.
The arrow hits Urug.
You drain Urug.
Urug is heavily wounded.
Meatshield barely misses Urug.
Urug hits Meatshield with a +3 double sword!!
Meatshield is destroyed!
You shoot an arrow. The arrow hits Urug.
Urug is heavily wounded.
You shoot an arrow. The arrow barely misses Urug.
You shoot an arrow. The arrow barely misses Urug.
Urug is no longer blind.
You shoot an arrow. The arrow hits Urug but does no damage.
Urug is heavily wounded.
Urug hits you with a +3 double sword!!
You shoot an arrow. The arrow closely misses Urug.
Urug closely misses you.
Fire: X) +0 shortbow (drain)
Press: ? - help, Q - select action, (/) - cycle Shift-Dir - straight line, f/p - Urug
Aim: Urug, wielding a +3 double sword, wearing a +0 scale mail and quivering javelins (heavily wounded, lightly drained, 70% to hit)
You shoot an arrow. The arrow closely misses Urug.
Urug hits you with a +3 double sword!!
* * * LOW HITPOINT WARNING * * *
Aiming: Bolt of Light
Press: ? - help, Shift-Dir - straight line, f/p - Urug
Aim: Urug, wielding a +3 double sword, wearing a +0 scale mail and quivering javelins (heavily wounded, lightly drained, 64% to hit)
The bolt of light hits Urug!
Urug is severely wounded.
Urug is blinded.
Urug hits you with a +3 double sword!
* * * LOW HITPOINT WARNING * * *
Urug shouts!
Aiming: Bolt of Light
Press: ? - help, Shift-Dir - straight line, f/p - Urug
Aim: Urug, wielding a +3 double sword, wearing a +0 scale mail and quivering javelins (severely wounded, blind, lightly drained, 64% to hit)
The bolt of light hits Urug.
Urug is severely wounded.
Urug hits you with a +3 double sword!!
You die...

#####.###### ####P#
###......[...####....####
#P............##......... ##
####.............#.........
##.P###P.........................
.................................
.........................(....##.
########................#.....†o.
#............h.......##..#....
#....##.......o...............
####....###.............P#.......
#........##.####.#.#######.......
##..........# ##### ......
#...........### ....
..........#.#.# ..........#...#
..............#


You could see Urug (blind, drained).

Vanquished Creatures
  Josephine (D:11)
  Pikel (D:7)
  2 cane toads (Lair:1)
  A komodo dragon (Lair:1)
  A troll (D:10)
  Prince Ribbit (D:9)
  2 shadows (D:10)
  4 wraiths (D:11)
  A vampire (D:11)
  2 basilisks
  An acid dragon (D:10)
  A water moccasin (D:8)
  Duvessa (D:5)
  An orc warrior (D:8)
  3 ice beasts
  2 wolves (Lair:1)
  An ogre (D:7)
  5 centaurs
  A lemure (D:7)
  A kobold brigand (D:8)
  2 bullfrogs (Lair:1)
  2 scorpions
  6 wights
  2 jellies
  10 killer bees (D:8)
  A howler monkey (D:9)
  2 orc priests
  Crazy Yiuf (D:5)
  A sleepcap (D:4)
  Natasha (twice) (D:2)
  An iguana (D:7)
  8 orc wizards
  Robin (D:4)
  16 gnolls
  7 adders
  3 white imps
  An ufetubus (D:6)
  2 adder zombies (D:2)
  2 worms
  3 dart slugs
  29 orcs
  4 ball pythons
  2 bat skeletons (D:2)
  A bat zombie (D:2)
  6 endoplasms
  4 giant cockroaches
  9 hobgoblins
  3 jackals (D:2)
  14 kobolds
  7 quokkas
  5 bats
  A frilled lizard (D:2)
  14 goblins
  6 rats
211 creatures vanquished.

Vanquished Creatures (collateral kills)
  2 two-headed ogres (D:11)
  A troll (D:10)
  A hornet (D:8)
  2 shadows
  2 wraiths (D:11)
  An orc warrior (D:8)
  An ice beast (D:7)
  2 centaurs (D:11)
  A wolf (Lair:1)
  2 gnoll sergeants
  A bullfrog (Lair:1)
  A scorpion (D:5)
  5 wights
  Dowan (D:5)
  4 killer bees (D:8)
  A hound (D:5)
  An orc priest (D:10)
  A gnoll bouda (D:7)
  2 iguanas (D:5)
  An orc wizard (D:6)
  2 adders
  3 gnolls
  6 orcs
  2 goblins (D:4)
  2 kobolds
48 creatures vanquished.

Vanquished Creatures (others)
  4 knights
4 creatures vanquished.

Grand Total: 263 creatures vanquished

Notes
Turn   | Place    | Note
-------+----------+-------------------------------------------
     0 | D:1      | Midn8 the Deep Elf Shapeshifter began the quest for the
                  | Orb.
     0 | D:1      | Reached XP level 1. HP: 11/11 MP: 3/3
    29 | D:1      | Reached skill level 1 in Stealth
   261 | D:1      | Reached XP level 2. HP: 15/16 MP: 4/4
  1125 | D:2      | Reached XP level 3. HP: 11/20 MP: 5/5
  1225 | D:2      | Reached skill level 1 in Short Blades
  1580 | D:2      | Noticed Natasha
  1732 | D:2      | Killed Natasha
  1733 | D:2      | Reached XP level 4. HP: 13/24 MP: 6/6
  1991 | D:2      | Noticed Natasha
  2005 | D:2      | Killed Natasha
  2006 | D:2      | Reached skill level 2 in Ranged Weapons
  2412 | D:3      | Reached XP level 5. HP: 28/28 MP: 7/7
  2524 | D:3      | Reached skill level 3 in Ranged Weapons
  2545 | D:3      | Reached skill level 4 in Ranged Weapons
  2809 | D:3      | Found Negeanau's Antique Weapon Shop.
  2901 | D:3      | Found a hazy altar of Hepliaklqana.
  2911 | D:3      | Became a worshipper of Hepliaklqana the Forgotten
  2986 | D:3      | Found Bimadefy's Weapon Shop.
  3128 | D:3      | Found Rima's Book Shoppe.
  3185 | D:3      | Bought an orcbow for 105 gold pieces
  3246 | D:3      | Reached skill level 5 in Ranged Weapons
  3258 | D:3      | Found Retuq's General Store.
  3264 | D:3      | Bought a potion of curing for 36 gold pieces
  3479 | D:4      | Reached * piety under Hepliaklqana
  3585 | D:4      | Reached XP level 6. HP: 29/29 MP: 8/8
  3669 | D:4      | Found an opulent altar of Gozag.
  3725 | D:4      | Reached skill level 6 in Ranged Weapons
  3726 | D:4      | Noticed Robin
  3829 | D:4      | Reached skill level 1 in Fighting
  3902 | D:4      | Killed Robin
  4122 | D:5      | Entered Level 5 of the Dungeon
  4219 | D:5      | Reached ** piety under Hepliaklqana
  4223 | D:5      | Remembered your ancestor Meatshield as a knight
  4317 | D:5      | Found a sparkling altar of Nemelex Xobeh.
  4317 | D:5      | Found a snail-covered altar of Cheibriados.
  4367 | D:5      | Found an ornate altar of the Wu Jian Council.
  4428 | D:5      | Reached XP level 7. HP: 36/36 MP: 9/9
  4503 | D:5      | Noticed Dowan
  4506 | D:5      | Noticed Duvessa
  4512 | D:5      | Killed Duvessa
  4522 | D:5      | Killed Dowan
  4523 | D:5      | Reached skill level 7 in Ranged Weapons
  4722 | D:5      | Found an iron altar of Okawaru.
  4801 | D:5      | Found a runed translucent door.
  4802 | D:5      | Noticed Crazy Yiuf
  5000 | D:5      | Killed Crazy Yiuf
  5127 | D:6      | Reached skill level 8 in Ranged Weapons
  5261 | D:6      | Found a broken altar of Ashenzari.
  5347 | D:6      | Found Caxzuuc's General Store.
  5350 | D:6      | Found Cinweu Ciri's Distillery.
  5350 | D:6      | Found Yrchexti's General Store.
  5379 | D:6      | Identified the +3 scimitar "Ifuejublu" {vamp, rF+ rC+ Will-
                  | SInv}
  5440 | D:6      | Found a staircase to the Ecumenical Temple.
  5491 | D:6      | Found a blossoming altar of Fedhas.
  5707 | D:7      | Reached XP level 8. HP: 41/41 MP: 10/10
  5714 | D:7      | Reached *** piety under Hepliaklqana
  5731 | D:7      | Reached skill level 5 in Shapeshifting
  5870 | D:7      | Noticed Pikel
  5882 | D:7      | Killed Pikel
  5883 | D:7      | Reached skill level 10 in Ranged Weapons
  6112 | D:6      | Bought a +2 leather armour of cold resistance for 209 gold
                  | pieces
  6213 | D:7      | Found a sacrificial altar of Ru.
  6353 | D:7      | Reached skill level 5 in Dodging
  6577 | D:7      | Reached XP level 9. HP: 45/45 MP: 11/11
  6731 | D:8      | Reached skill level 11 in Ranged Weapons
  6805 | D:8      | Reached skill level 12 in Ranged Weapons
  7035 | D:8      | Reached **** piety under Hepliaklqana
  7059 | D:8      | Reached skill level 5 in Fighting
  7219 | D:8      | Found a runed translucent gate.
  7220 | D:8      | Noticed a polar bear
  7224 | D:8      | Noticed a manticore
  7224 | D:8      | Noticed a death yak
  7225 | D:8      | Found a runed translucent gate.
  7225 | D:8      | Found a runed translucent gate.
  7225 | D:8      | Noticed a death yak
  7642 | D:9      | Reached XP level 10. HP: 54/54 MP: 10/12
  7644 | D:9      | Found a staircase to the Lair.
  7645 | D:9      | Noticed Prince Ribbit
  7660 | D:9      | Killed Prince Ribbit
  7926 | D:9      | Found a glowing silver altar of Zin.
  8067 | D:9      | Found a glowing golden altar of the Shining One.
  8126 | D:10     | Entered Level 10 of the Dungeon
  8126 | D:10     | Reached ***** piety under Hepliaklqana
  8720 | D:10     | Found a staircase to the Orcish Mines.
  9181 | D:11     | Noticed a two-headed ogre
  9360 | D:11     | Noticed a two-headed ogre
  9392 | D:11     | Killed a two-headed ogre
  9432 | D:11     | Reached skill level 13 in Ranged Weapons
  9581 | D:11     | Noticed Josephine
  9604 | D:11     | HP: 2/48 [Josephine/ghostly fireball (34)]
  9606 | D:11     | Killed Josephine
  9607 | D:11     | Reached skill level 14 in Ranged Weapons
  9607 | D:11     | Reached XP level 11. HP: 5/59 MP: 13/13
  9776 | D:11     | Killed a two-headed ogre
 10023 | Lair:1   | Entered Level 1 of the Lair of Beasts
 10064 | Lair:1   | Identified the +0 scale mail of Quodex {Fly rF- Regen+
                  | SInv}
 10248 | Lair:1   | Noticed Urug
 10276 | Lair:1   | Slain by Urug

Illustrated notes

Levels and vault maps discovered:
D:1:      co_arrival_random_square_maze, layout_basic, skrybe_limestone_x
D:2:      minmay_skewed_foursquare, layout_basic, serial_undead,
          serial_undead_f, serial_undead_a, serial_undead_a, serial_undead_a,
          grunt_ministairs_8, grunt_decor_resistance, uniq_natasha
D:3:      layout_basic, mainiacjoe_overflow_alcove_2, serial_shops,
          nicolae_shop_window_shopping, nicolae_shop_just_a_little_nook, shop,
          shop, minmay_stone_trees_small
D:4:      layout_rooms, nicolae_gozag_seed_capital, uniq_robin
D:5:      layout_loops_ring, nzn_wu_jian_contemplation,
          okawaru_altar_gauntlet_db, gammafunk_temple_overflow_wave,
          uniq_duvessa, uniq_crazy_yiuf_cottage
D:6:      layout_basic, mainiacjoe_overflow_tiny_flanked,
          nicolae_overflow_crystal_walls, minmay_temple_entry_from_below_a,
          nicolae_shop_distant_corner_stores
D:7:      layout_loops_corners, mainiacjoe_overflow_catwalk, uniq_pikel
D:8:      lemuel_bear_cage, layout_gridville, ebering_dispersal_statue_hall,
          eino_small_chamber_without_monster
D:9:      layout_rooms, zin_statuary, lemuel_coloured_pillars_altar,
          dpeg_oklobed_lair, uniq_prince_ribbit1
D:10:     layout_loops_ring, orc_0_dummy, dk_vineyard_1,
          kennysheep_generic_room_7
D:11:     layout_loops_ring, uniq_josephine
Lair:1:   layout_gridlike, serial_bayou_lagoon_a,
          eino_small_chamber_without_monster, small_statue_intersection,
          pdpol_lair_cavern_descent, grunt_megastairs_5, uniq_urug

Skill      XL: |  1  2  3  4  5  6  7  8  9 10 11 |
---------------+----------------------------------+-----
Stealth        | 2 3 |  3.5
Short Blades   | 2 3 |  3.1
Ranged Weapons | 2 5 6 8 10 12 14 | 14.0
Fighting       | 2 3 6 8 |  8.0
Shapeshifting  | 4 5 7 |  7.0
Dodging        | 6 9 |  9.0
Unarmed Combat | |  2.4

Action                     |  1- 3 |  4- 6 |  7- 9 | 10-12 || total
---------------------------+-------+-------+-------+-------++-------
  Melee: Dagger            |    67 |    56 |       |       ||   123
         Punch             |     3 |     1 |       |       ||     4
         Unarmed           |     1 |       |       |       ||     1
   Fire: Sling             |       |    63 |       |       ||    63
         Orcbow            |       |    91 |   303 |   174 ||   568
         Shortbow          |       |       |       |    59 ||    59
 Invoke: Ancestor Identity |       |     1 |       |       ||     1
         Recall Ancestor   |       |     1 |     1 |       ||     2
         Ancestor Life: Kn |       |     1 |       |       ||     1
         Transference      |       |       |       |     1 ||     1
  Evoke: Wand              |       |       |       |     5 ||     5
    Use: Scroll            |     3 |     5 |     6 |     3 ||    17
         Potion            |       |     1 |       |     1 ||     2
   Stab: Sleeping          |     9 |     3 |       |       ||    12
 Armour: Animal skin       |     7 |    10 |       |       ||    17
         Skin              |       |     7 |       |       ||     7
         Ring mail         |       |     3 |     1 |       ||     4
         Leather armour    |       |       |     3 |     2 ||     5
         Troll leather arm |       |       |       |     6 ||     6
  Dodge: Dodged            |    34 |    47 |    32 |    26 ||   139

Table legend: (Time is in decaauts)
 A = Elapsed time spent in this place.
 B = Non-inter-level travel time spent in this place.
 C = Inter-level travel time spent in this place.
 D = Time resting spent in this place.
 E = Time spent auto-exploring this place.
 F = Levels seen in this place.
 G = Mean time per level.
                   A        B        C        D        E       F      G
               +--------+--------+--------+--------+--------+-----+--------+
         Total |  10295 |   9605 |    690 |   1092 |   6389 |  12 |  857.9 |
       Dungeon |  10056 |   9367 |    689 |   1092 |   6250 |  11 |  914.2 |
          Lair |    238 |    238 |      0 |      0 |    139 |   1 |  238.0 |
               +--------+--------+--------+--------+--------+-----+--------+

Top non-repeatable levels by time:
     D:3: 1187 daAuts
     D:1: 1180 daAuts
     D:2: 1180 daAuts
    D:10: 1023 daAuts
     D:7: 1006 daAuts
     D:5: 946 daAuts
     D:8: 890 daAuts
    D:11: 730 daAuts
     D:6: 684 daAuts
     D:9: 626 daAuts
     D:4: 600 daAuts
  Lair:1: 238 daAuts
